 Dungeon Crawl Stone Soup version 0.29.0-11-gd7f09526c8 (console) character file.

Game seed: 13789303591567271538

198 Olga the Grave Robber (level 5, -9/35 HPs)
             Began as a Mummy Necromancer on Sept 3, 2022.
             Blown up by Ijyb (16 damage)
             ... with a mindburst bolt
             ... on level 4 of the Dungeon.
             The game lasted 00:08:14 (2837 turns).

Olga the Grave Robber (Mummy Necromancer)           Turns: 2837, Time: 00:08:15

Health: -9/35      AC: 12    Str: 12    XL:     5   Next: 47%
Magic:  1/12       EV: 11    Int: 21    God:
Gold:   152        SH:  0    Dex: 18    Spells: 4/14 levels left

rFire   x . .      SeeInvis .   a - +2 flail (protect)
rCold   + . .      Faith    +   (no shield)
rNeg    + + +      Spirit   .   c - +0 leather armour
rPois   inf        Reflect  .   (no helmet)
rElec   .          Harm     .   (no cloak)
rCorr   .          Rampage  .   e - +1 pair of gloves
Will    .....                   (no boots)
Stlth   ++........              d - amulet of Doubts {Faith Regen+ Int+5 Dex+6}
HPRegen 0.91/turn               (no ring)
MPRegen 0.13/turn               (no ring)

@: under a protective aura, animating dead
A: cold resistance 1, negative energy resistance 3, torment resistance 2, heat
vulnerability 1, in touch with death 1, no potions
a: no special abilities


You were on level 4 of the Dungeon.
You visited 2 branches of the dungeon, and saw 5 of its levels.

You collected 152 gold pieces.

Inventory:

Hand Weapons
 a - a +2 flail of protection (weapon)
Armour
 c - a +0 leather armour (worn)
 e - a +1 pair of gloves (worn)
Jewellery
 d - the amulet of Doubts (around neck) {Faith Regen+ Int+5 Dex+6}
   (You found it on level 2 of the Dungeon)

   [amulet of faith]

   It allows you to gain divine favour quickly.
   Int:       It affects your intelligence (+5).
   Dex:       It affects your dexterity (+6).
   Regen:     It increases your rate of health regeneration.
 f - an amulet of regeneration
 i - a ring of ice
Scrolls
 b - a scroll of immolation
 g - a scroll of enchant weapon {unknown}
 h - a scroll of blinking {unknown}
 j - a scroll of fear {unknown}


   Skills:
 - Level 1.5 Dodging
 - Level 1.5 Stealth
 + Level 5.3 Spellcasting
 + Level 5.5 Necromancy


You had 4 spell levels left.
You knew the following spells:

 Your Spells              Type           Power      Damage    Failure   Level
a - Necrotise             Necr           100%       1d9       1%          1
v - Poisonous Vapours     Pois/Air       10%        N/A       21%         2
A - Animate Dead          Necr           43%        N/A       14%         4
V - Vampiric Draining     Necr           43%        2d9       4%          3

Your spell library contained the following spells:

 Spells                   Type           Power      Damage    Failure   Level
 Call Canine Familiar     Summ           5%         N/A       36%         3
 Portal Projectile        Hex/Tloc       10%        N/A       36%         3
 Corpse Rot               Necr/Pois/Air  20%        N/A       52%         4
 Leda's Liquefaction      Hex/Erth       2%         N/A       78%         4
 Agony                    Necr           43%        N/A       36%         5
 Irradiate                Conj/Tmut      2%         3d12      98%         5
 Blade Hands              Tmut           Unusable   N/A       N/A         5
 Dragon Form              Tmut           Unusable   N/A       N/A         7

Dungeon Overview and Level Annotations

Branches:
Dungeon (4/15)             Temple (1/1) D:4

Altars:
Ashenzari
Cheibriados
Fedhas
Gozag
Okawaru
Ru
Sif Muna
Trog
Uskayaw
Vehumet
Xom
Yredelemnul

Annotations:
D:4 Ijyb


Innate Abilities, Weirdness & Mutations

You are immune to poison.
Your flesh is cold resistant. (rC+)
You are immune to negative energy. (rN+++)
You are immune to unholy pain and torment.
You are vulnerable to heat. (rF-)
You are in touch with the powers of death.
You do not drink.


Message History

You feel a surge of power!
Ijyb writhes in agony.
The water moccasin zombie barely misses you.
Ijyb hits you but does no damage.
The water moccasin zombie barely misses you.
Aiming: Necrotise (safe; 1% risk of failure)
Press: ? - help, Q - select action, (/) - cycle Shift-Dir - straight line, f/p - Ijyb
Aim: Ijyb, wielding a +0 dagger, wearing a +0 leather armour and carrying a wand of mindburst (12) (moderately wounded, chance to affect: 88%)
You feel a surge of power!
Ijyb writhes in agony!
Ijyb hits you with a +0 dagger. The water moccasin zombie bites you.
A howler monkey zombie comes into view.
You don't have enough magic to cast this spell.
You closely miss Ijyb.
Ijyb is severely wounded.
Ijyb barely misses you. The water moccasin zombie bites you.
Ijyb hits you but does no damage.
Your magical contamination has completely faded away.
You sock Ijyb!
Your weapon exudes an aura of protection.
Ijyb is almost dead.
The water moccasin zombie barely misses you.
The water moccasin zombie bites you. Ijyb hits you but does no damage.
You barely miss Ijyb.
Ijyb is almost dead.
The water moccasin zombie barely misses you.
Ijyb zaps a wand.
You struggle to resist.
The water moccasin zombie bites you but does no damage.
You barely miss Ijyb.
Ijyb is almost dead.
Ijyb hits you with a +0 dagger.
* * * LOW HITPOINT WARNING * * *
The water moccasin zombie barely misses you.
Ijyb completely misses you. The water moccasin zombie bites you.
* * * LOW HITPOINT WARNING * * *
You hit Ijyb but do no damage.
Your weapon exudes an aura of protection.
Ijyb is almost dead.
The water moccasin zombie barely misses you.
Ijyb screams, "Level is mine!
All mine!"
Ijyb zaps a wand.
Your mind is blasted!
You die...

.## #..## ## #. ....PP ...#
... #. P~~~.. ###.# ##>##/
.~~~~P .##
....#.######~~~~~. #####...
........#...P~~~~. #....P..
.Z....Z..........W #<..Z..#
.Z..#....ZZZ...........8...
..)g.Z..##g###.#####...8.#.
######..##@# ..##....
####### #..##Z# .l. o...
#8...8#######.##Z# Z... ...
#.....#...###.##.# .... ..
...>....}...#.##$# ......
.. #.....#...#...##.#
#8...8#######.......
####### #.#.#### #Z8P.#
#8...#


You could see Ijyb, a water moccasin zombie, a hound zombie, a scorpion zombie,
a howler monkey zombie and a hound skeleton.

Vanquished Creatures
  A jelly (D:4)
  An iguana (D:4)
  A hound zombie (D:4)
  A hound skeleton (D:4)
  An adder (D:3)
  An adder zombie (D:4)
  3 dart slugs
  2 orcs (D:4)
  7 bats
  6 endoplasms
  6 goblins
  8 hobgoblins
  4 jackals (D:2)
  3 quokkas
  5 ball pythons
  2 frilled lizards
  6 kobolds
  6 rats
64 creatures vanquished.

Vanquished Creatures (collateral kills)
  A scorpion zombie (D:4)
  An adder zombie (D:4)
  An endoplasm (D:1)
3 creatures vanquished.

Vanquished Creatures (others)
  6 withered plants (D:4)
6 creatures vanquished.

Grand Total: 73 creatures vanquished

Notes
Turn   | Place    | Note
-------+----------+-------------------------------------------
     0 | D:1      | Olga the Mummy Necromancer began the quest for the Orb.
     0 | D:1      | Reached XP level 1. HP: 13/13 MP: 4/4
    77 | D:1      | Found a faded altar of an unknown god.
   235 | D:1      | Reached XP level 2. HP: 19/19 MP: 0/6
  1292 | D:2      | Gained mutation: You are in touch with the powers of death.
                  | [Mummy growth]
  1292 | D:2      | Reached XP level 3. HP: 24/24 MP: 6/8
  1317 | D:2      | Learned a level 3 spell: Vampiric Draining
  1764 | D:2      | Identified the amulet of Doubts {Faith Regen+ Int+5 Dex+6}
  2223 | D:3      | Reached XP level 4. HP: 27/30 MP: 6/10
  2468 | D:4      | Reached skill level 5 in Necromancy
  2496 | D:4      | Found a basalt altar of Yredelemnul.
  2535 | D:4      | Reached skill level 5 in Spellcasting
  2535 | D:4      | Reached XP level 5. HP: 35/35 MP: 10/12
  2599 | D:4      | Found a bloodstained altar of Trog.
  2689 | D:4      | Learned a level 4 spell: Animate Dead
  2692 | D:4      | Learned a level 2 spell: Poisonous Vapours
  2729 | D:4      | Found a staircase to the Ecumenical Temple.
  2739 | Temple   | Entered the Ecumenical Temple
  2739 | Temple   | Found a transporter.
  2739 | Temple   | Found a transporter.
  2741 | Temple   | Found a transporter.
  2741 | Temple   | Found a transporter.
  2791 | D:4      | Noticed Ijyb
  2816 | D:4      | Noticed a phantom
  2837 | D:4      | Blown up by Ijyb

Illustrated notes

Levels and vault maps discovered:
D:1:      dpeg_arrival_tiny_a, layout_rooms, shapermc_ecumenical_altar_gd,
          serial_forest, infiniplex_forest_zigzag_2,
          infiniplex_forest_clump_medium, infiniplex_forest_side_room,
          infiniplex_forest_corner_1, infiniplex_forest_clump_C,
          minmay_misc_feat_nine_boxes
D:2:      layout_rooms
D:3:      layout_rooms, st_stairs_5
D:4:      layout_loops_ring, mainiacjoe_overflow_small_starburst,
          mainiacjoe_overflow_concentric_impassable,
          minmay_temple_entry_antechambers, serial_undead, serial_undead_f,
          serial_undead_c, serial_undead_d, serial_undead_c, serial_undead_a,
          serial_undead_f, serial_undead_b, serial_undead_c, serial_undead_a,
          serial_undead_a, hangedman_glass_teeth, kennysheep_potato, uniq_ijyb
Temple:   hellmonk_temple_divided_pantheon

Skill      XL: |  1  2  3  4 |
---------------+-------------+-----
Spellcasting   | 3 4 5 |  5.3
Necromancy     | 5 |  5.5
Dodging        | |  1.5
Stealth        | |  1.5

Action                   |  1- 3 |  4- 6 || total
-------------------------+-------+-------++-------
Melee: Flail             |    17 |    31 ||    48
 Cast: Necrotise         |    95 |    25 ||   120
       Animate Dead      |       |     1 ||     1
  Use: Scroll            |     3 |       ||     3
Armor: Robe              |    21 |       ||    21
       Leather armour    |     3 |    18 ||    21
Dodge: Dodged            |    29 |    32 ||    61
